 Dungeon Crawl Stone Soup version 0.29.1-13-g9f3cf754e1 (webtiles) character file.

Game seed: 18026576722809234982

35 Hrothgar the Trooper (level 3, 0/33 HPs)
             Began as a Hill Orc Fighter on Feb 8, 2023.
             Slain by a white imp (1 damage)
             ... summoned by Natasha
             ... on level 3 of the Dungeon.
             The game lasted 00:02:26 (671 turns).

Hrothgar the Trooper (Hill Orc Fighter)              Turns: 671, Time: 00:02:28

Health: 0/33       AC:  6    Str: 18    XL:     3   Next: 35%
Magic:  3/3        EV:  9    Int: 10    God:
Gold:   107        SH:  4    Dex: 10    Spells: 2/2 levels left

rFire   + . .      SeeInvis .   a - +0 war axe
rCold   + . .      Faith    .   c - +0 buckler
rNeg    . . .      Spirit   .   b - +0 scale mail
rPois   +          Reflect  .   (no helmet)
rElec   +          Harm     .   (no cloak)
rCorr   +          Rampage  .   (no gloves)
Will    .....                   (no boots)
Stlth   ..........              (no amulet)
HPRegen 0.11/turn               (no ring)
MPRegen 0.08/turn               (no ring)

@: resistant, slowed, very slow
A: no striking features
a: no special abilities


You were on level 3 of the Dungeon.
You visited 1 branch of the dungeon, and saw 3 of its levels.

You collected 107 gold pieces.

Inventory:

Hand Weapons
 a - a +0 war axe (weapon)
Armour
 b - a +0 scale mail (worn)
 c - a +0 buckler (worn)
Scrolls
 e - a scroll of fog
 g - a scroll of vulnerability {unknown}
 h - a scroll of acquirement {unknown}
 k - a scroll of immolation {unknown}
Potions
 d - a potion of might
 f - a potion of resistance
 i - a potion of cancellation {unknown}


   Skills:
 * Level 4.1 Fighting
 * Level 3.4 Axes
 * Level 3.5 Armour
 * Level 0.3 Dodging
 * Level 0.3 Stealth
 * Level 3.5 Shields


You had 2 spell levels left.
You didn't know any spells.
Your spell library was empty.

Dungeon Overview and Level Annotations

Branches:
Dungeon (3/15)

Altars:

Annotations:
D:3 Natasha


Message History

Natasha is moderately wounded.
You hit the hobgoblin.
You kill the hobgoblin!
You closely miss the hobgoblin. You hit the frilled lizard.
You kill the frilled lizard!
You hit the iron imp. Natasha claws you but does no damage.
You block the hobgoblin's attack. The iron imp hits you.
Natasha casts a spell at you.
You feel yourself slow down.
You closely miss the hobgoblin. You hit the iron imp. You hit Natasha.
The hobgoblin closely misses you.
Natasha stares at you and mumbles some strange words.
The magic dart hits you. The iron imp completely misses you.
The hobgoblin closely misses you. Natasha claws you.
Unknown command.
Sorry, you're not good enough to have a special ability.
It was a potion of resistance.
You feel protected. You block the hobgoblin's attack. The iron imp hits you!
Natasha claws you.
* * * LOW HITPOINT WARNING * * *
The hobgoblin barely misses you. The iron imp hits you.
* * * LOW HITPOINT WARNING * * *
Unknown command.
It was a potion of curing.
You feel better. You block Natasha's attack. The hobgoblin barely misses you.
The iron imp hits you.
* * * LOW HITPOINT WARNING * * *
Natasha mumbles some strange words.
You feel better. The hobgoblin barely misses you. Natasha claws you.
* * * LOW HITPOINT WARNING * * *
You block the white imp's attack. The iron imp hits you.
* * * LOW HITPOINT WARNING * * *
The hobgoblin closely misses you.
Unknown command.
You slash Natasha!
Natasha is almost dead.
You hit the white imp. You hit the hobgoblin. You hit the iron imp.
Natasha casts a spell at you.
You feel as though you will be slow longer.
The white imp hits you.
You die...

#......
#......
##!.... #
#...(# .#.
###....#....
........$$$
####.h5.#.$_$
#...5@g...~~~
#.#######....
#.# # #.# #.#
#.# #.# #.#
#.#


You could see an iron imp (summoned), Natasha, a white imp (summoned) and a
hobgoblin.

Vanquished Creatures
  An adder (D:2)
  A dart slug (D:2)
  2 ball pythons
  2 endoplasms (D:2)
  A giant cockroach (D:2)
  2 goblins
  3 hobgoblins
  3 kobolds
  2 quokkas
  2 bats (D:1)
  2 frilled lizards
21 creatures vanquished.

Notes
Turn   | Place    | Note
-------+----------+-------------------------------------------
     0 | D:1      | Hrothgar the Hill Orc Fighter began the quest for the Orb.
     0 | D:1      | Reached XP level 1. HP: 19/19 MP: 1/1
   294 | D:1      | Reached XP level 2. HP: 23/27 MP: 2/2
   434 | D:2      | Reached skill level 4 in Fighting
   542 | D:2      | Reached XP level 3. HP: 31/33 MP: 3/3
   658 | D:3      | Noticed Natasha
   660 | D:3      | Found a faded altar of an unknown god.
   670 | D:3      | HP: 1/33 [iron imp[Natasha] (5)]
   671 | D:3      | Slain by a white imp

Illustrated notes

Levels and vault maps discovered:
D:1:      sevenhm_arrival_forest_fort_large_2, layout_basic,
          dreamdust_wishing_well
D:2:      layout_basic
D:3:      layout_basic, hellmonk_ecumenical_altar_pennies_from_heaven,
          kennysheep_another_room, uniq_natasha, uniq_grinder,
          uniq_crazy_yiuf_cottage

Skill      XL: |  1  2 |
---------------+-------+-----
Axes           | 3 |  3.4
Fighting       | 4 |  4.1
Armour         | |  3.5
Dodging        | |  0.3
Stealth        | |  0.3
Shields        | |  3.5

Action                   || total
-------------------------++-------
Melee: War axe           ||    47
  Use: Scroll            ||     1
       Potion            ||     3
Armor: Scale mail        ||    23
Dodge: Dodged            ||    36
Block: Buckler           ||    15
